 Dungeon Crawl Stone Soup version 0.28.0-43-g3370ac3207 (webtiles) character file.

Game seed: 3490226446853516130

6329 pkoi the Grappler (level 10, -20/98 HPs)
             Began as a Troll Monk on Mar 23, 2022.
             Was an Elder of Cheibriados.
             Killed from afar by an efreet (28 damage)
             ... with a bolt of fire
             ... on level 9 of the Dungeon.
             The game lasted 00:09:48 (7643 turns).

pkoi the Grappler (Troll Monk)                      Turns: 7643, Time: 00:09:49

Health: -20/98     AC: 10    Str: 32    XL:     10   Next: 64%
Magic:  2/14       EV: 11    Int: 17    God:    Cheibriados [****..]
Gold:   433        SH:  0    Dex: 21    Spells: 9/9 levels left

rFire   . . .      SeeInvis .     - Unarmed
rCold   . . .      Faith    .   (no shield)
rNeg    . . .      Spirit   .   C - +0 steam dragon scales
rPois   .          Reflect  .   i - +2 hat
rElec   .          Harm     .   B - +0 cloak
rCorr   .          Rampage  .   (gloves unavailable)
Will    .....                   (boots unavailable)
Stlth   ++........              (no amulet)
HPRegen 1.06/turn               (no ring)
MPRegen 0.14/turn               (no ring)

@: very slow
A: large, unfitting armour, claws 3, regeneration 1, shaggy fur 1, tough skin 1
a: Renounce Religion, Bend Time, Temporal Distortion, Slouch


You were on level 9 of the Dungeon.
You worshipped Cheibriados.
Cheibriados was greatly pleased with you.
You visited 2 branches of the dungeon, and saw 10 of its levels.

You collected 433 gold pieces.

Inventory:

Missiles
 o - a throwing net
 x - 8 boomerangs (quivered)
 y - 22 poisoned darts
 I - 2 silver javelins
Armour
 a - a +0 robe
 i - a +2 hat (worn)
 B - a +0 cloak (worn)
 C - +0 steam dragon scales (worn)
Jewellery
 b - an amulet of reflection
 m - a ring of ice
 p - a +6 ring of dexterity
 F - a ring of fire
Wands
 q - a wand of acid (19)
 s - a wand of mindburst (18)
 z - a wand of polymorph (3)
 A - a wand of digging (6)
 H - a wand of iceblast (2)
 K - a wand of flame (12)
Scrolls
 g - 2 scrolls of amnesia
 k - 2 scrolls of summoning {unknown}
 n - 4 scrolls of fear
 r - a scroll of silence {unknown}
 t - a scroll of blinking {unknown}
 u - 2 scrolls of vulnerability {unknown}
 D - 3 scrolls of identify
 E - a scroll of fog {unknown}
 G - 2 scrolls of teleportation {unknown}
 J - a scroll of noise {unknown}
Potions
 c - a potion of mutation
 d - 3 potions of brilliance
 f - 4 potions of flight
 h - 5 potions of haste
 l - a potion of might
 w - 4 potions of heal wounds


   Skills:
 - Level 6.0 Fighting
 + Level 4.8 Throwing
 - Level 3.0 Dodging
 - Level 1.0 Stealth
 * Level 11.1 Unarmed Combat
 * Level 7.7 Invocations
 - Level 0.4 Evocations


You had 9 spell levels left.
You didn't know any spells.
Your spell library contained the following spells:

 Spells                   Type           Power      Damage    Failure   Level
 Animate Skeleton         Necr           0%         N/A       24%         1
 Freeze                   Ice            0%         1d3       24%         1
 Magic Dart               Conj           0%         1d3       24%         1
 Pain                     Necr           0%         1d4       24%         1
 Call Imp                 Summ           0%         N/A       34%         2
 Conjure Flame            Conj/Fire      0%         6-21      56%         3
 Dazzling Flash           Conj/Hex       0%         N/A       56%         3
 Frozen Ramparts          Ice            0%         1d2       56%         3
 Mephitic Cloud           Conj/Pois/Air  0%         N/A       56%         3
 Vampiric Draining        Necr           0%         2d6       56%         3
 Hailstorm                Conj/Ice       0%         3d3       93%         4
 Agony                    Necr           0%         N/A       100%        5
 Freezing Cloud           Conj/Ice/Air   0%         6-21      100%        5
 Iskenderun's Battlesphe  Conj           0%         2d6       100%        5
 Silence                  Hex/Air        0%         N/A       100%        5
 Iron Shot                Conj/Erth      0%         9d1       100%        6
 Simulacrum               Ice/Necr       0%         N/A       100%        6
 Haunt                    Necr/Summ      0%         N/A       100%        7
 Malign Gateway           Summ/Tloc      0%         N/A       100%        7
 Spellforged Servitor     Conj/Summ      0%         N/A       100%        7
 Polar Vortex             Ice            0%         N/A       100%        9


Dungeon Overview and Level Annotations

Branches:
Dungeon (9/15)             Temple (1/1) D:5
   Lair: D:8-11         Orc: D:9-12

Altars:
Ashenzari
Cheibriados
Dithmenos
Elyvilon
Fedhas
Gozag
Hepliaklqana
Kikubaaqudgha
Makhleb
Nemelex Xobeh
Okawaru
Qazlal
Ru
Sif Muna
Trog
Uskayaw
Vehumet
Wu Jian
Xom
Yredelemnul
Zin
The Shining One

Shops:
D:7 =


Innate Abilities, Weirdness & Mutations

You are too large for most types of armour.
You have claws for hands.
Your natural rate of healing is unusually fast.
You are covered in fur. (AC +1)
You have tough skin. (AC +1)


Message History

The cyclops hits you!!
* * * LOW HITPOINT WARNING * * *
The cyclops hits you!
* * * LOW HITPOINT WARNING * * *
Unknown command.
You mangle the cyclops!!
You kill the cyclops!
Cheibriados appreciates the change of pace.
Your Unarmed Combat skill increases to level 11!
Unknown command.
You mangle the cyclops!! You claw the cyclops.
You kill the cyclops!
Cheibriados appreciates the change of pace.
Cheibriados raises the support of your attributes as your movement slows.
You see here 6 large rocks.
You start resting.
An efreet comes into view.
It is wielding the +8 trident of Evisceration {antimagic, Int+2} and wearing a +2 robe of willpower.
An efreet is nearby!
An efreet is nearby!
An efreet is nearby!
An efreet is nearby!
The efreet hits you from afar with the +8 trident of Evisceration {antimagic, Int+2}!
* * * LOW HITPOINT WARNING * * *
You feel your power leaking away. The efreet gestures at you.
The bolt of fire misses you. The efreet gestures at you.
The fireball explodes!
The fireball engulfs you!!
* * * LOW HITPOINT WARNING * * *
The fireball engulfs the efreet.
The efreet completely resists.
The efreet barely misses you.
Things that are here:
3 large rocks; a vampire mosquito corpse Activating: Slouch (7% risk of failure)
Press: ? - help, Dir - look around, f - activate You can feel time thicken for a moment.
Cheibriados lowers the support of your attributes as your movement quickens.
The efreet gestures at you. The bolt of fire hits you!!
You die...

##..##).### #..# #. #.)##..#
#..# #.##.)##..# #..# #..##..###
#..# #..##).### ### #..#
#.##.†##..# ... #..# #.
#.)##..#.###'###.#..#
##..##..###...R.....#..#
####.### #####@### #..#########
##.....###...)(..# #.##..>....#
#.......##.####...##.##.......#
#...###...#....###..#.##.......#
#..# ##..#......##.#..........#
#.. #..).......#.#.##.......# #.
##..#......##.#.##.......# #.
#...#....###..#.##.......#
#.......##.####...##..####.####


You could see an efreet.

Vanquished Creatures
  An ugly thing (D:9)
  2 deep elf pyromancers (D:9)
  2 cyclopes (D:9)
  Maggie (D:7)
  A freezing wraith (D:9)
  Grinder (D:6)
  A slime creature (D:9)
  A wyvern (D:9)
  2 steam dragons
  A vampire mosquito (D:9)
  An ice beast (D:7)
  A sky beast (D:6)
  2 orc warriors
  4 ogres
  5 centaurs
  3 kobold brigands (D:9)
  7 bullfrogs
  2 gnoll sergeants (D:9)
  2 scorpions (D:5)
  A water moccasin skeleton (D:7)
  3 killer bees (D:8)
  A hound (D:6)
  3 centaur zombies
  3 orc priests
  A bullfrog skeleton (D:5)
  A gnoll shaman (D:8)
  Crazy Yiuf (D:6)
  6 iguanas
  A centaur skeleton (D:6)
  6 orc wizards
  A scorpion zombie (D:5)
  2 hound skeletons (D:4)
  A howler monkey zombie (D:7)
  6 gnolls
  A howler monkey skeleton (D:6)
  4 adders
  2 white imps
  2 worms (D:3)
  4 dart slugs
  24 orcs
  8 bats
  5 endoplasms
  5 giant cockroaches
  5 goblins
  6 hobgoblins
  11 jackals
  10 kobolds
  5 quokkas
  4 ball pythons
  4 frilled lizards
  7 rats
184 creatures vanquished.

Notes
Turn   | Place    | Note
-------+----------+-------------------------------------------
     0 | D:1      | pkoi the Troll Monk began the quest for the Orb.
     0 | D:1      | Reached XP level 1. HP: 22/22 MP: 0/0
   145 | D:1      | Reached XP level 2. HP: 29/29 MP: 1/1
   182 | D:1      | Found a faded altar of an unknown god.
   506 | D:1      | Reached XP level 3. HP: 36/36 MP: 2/2
   700 | D:2      | Reached skill level 4 in Unarmed Combat
   776 | D:2      | Noticed an ogre
   788 | D:2      | Killed an ogre
   789 | D:2      | Reached skill level 5 in Unarmed Combat
   789 | D:2      | Reached XP level 4. HP: 45/45 MP: 3/3
   814 | D:2      | Reached XP level 5. HP: 51/53 MP: 4/4
  1055 | D:2      | You fall into a shaft and drop 1 floor!
  1964 | D:4      | Found a basalt altar of Yredelemnul.
  1964 | D:4      | Found a stormy altar of Qazlal.
  1979 | D:4      | Noticed an ogre
  1983 | D:4      | Killed an ogre
  1984 | D:4      | Reached XP level 6. HP: 50/62 MP: 5/5
  2175 | D:4      | Reached skill level 6 in Unarmed Combat
  2493 | D:5      | Entered Level 5 of the Dungeon
  2499 | D:5      | Reached XP level 7. HP: 68/70 MP: 6/6
  2794 | D:5      | Reached skill level 7 in Unarmed Combat
  2862 | D:5      | Found a staircase to the Ecumenical Temple.
  2873 | Temple   | Entered the Ecumenical Temple
  3065 | Temple   | Became a worshipper of Cheibriados the Contemplative
  3065 | Temple   | Reached * piety under Cheibriados
  3065 | Temple   | Reached ** piety under Cheibriados
  3729 | D:6      | Reached skill level 1 in Invocations
  3742 | D:6      | Found a white marble altar of Elyvilon.
  3769 | D:6      | Noticed Grinder
  3774 | D:6      | Paralysed by Grinder for 5 turns
  3790 | D:6      | Killed Grinder
  3791 | D:6      | Reached XP level 8. HP: 55/79 MP: 6/8
  4047 | D:6      | Reached skill level 5 in Fighting
  4064 | D:6      | Reached skill level 8 in Unarmed Combat
  4304 | D:4      | Found a shadowy altar of Dithmenos.
  4304 | D:4      | Found a glowing golden altar of the Shining One.
  4308 | D:4      | Found a shimmering blue altar of Sif Muna.
  4484 | D:6      | Found a runed translucent door.
  4485 | D:6      | Noticed Crazy Yiuf
  4972 | D:6      | Killed Crazy Yiuf
  5028 | D:7      | Noticed Maggie
  5039 | D:7      | Killed Maggie
  5040 | D:7      | Reached skill level 1 in Throwing
  5099 | D:7      | Found a broken altar of Ashenzari.
  5101 | D:7      | Found a shimmering altar of Xom.
  5331 | D:7      | Reached *** piety under Cheibriados
  5683 | D:7      | Reached XP level 9. HP: 75/88 MP: 11/11
  5709 | D:7      | Found Itigi's Jewellery Shop.
  5716 | D:7      | Got Fulust's Almanac of Summoning and Heat
  6122 | D:8      | Reached skill level 9 in Unarmed Combat
  6556 | D:8      | Reached skill level 5 in Invocations
  6999 | D:8      | Reached **** piety under Cheibriados
  7333 | D:9      | Reached skill level 10 in Unarmed Combat
  7342 | D:9      | Noticed a green ugly thing
  7351 | D:9      | Killed a green ugly thing
  7352 | D:9      | Reached XP level 10. HP: 39/98 MP: 13/13
  7590 | D:9      | Noticed a cyclops
  7608 | D:9      | Noticed a deep elf pyromancer
  7613 | D:9      | Noticed a deep elf pyromancer
  7619 | D:9      | Killed a deep elf pyromancer
  7627 | D:9      | Noticed a cyclops
  7628 | D:9      | Killed a deep elf pyromancer
  7631 | D:9      | Killed a cyclops
  7632 | D:9      | Reached skill level 11 in Unarmed Combat
  7632 | D:9      | Killed a cyclops
  7639 | D:9      | Identified the +8 trident of Evisceration {antimagic,
                  | Int+2}
  7643 | D:9      | Killed from afar by an efreet

Illustrated notes

Levels and vault maps discovered:
D:1:      dpeg_arrival_rhombi, layout_basic,
          hellmonk_ecumenical_altar_dog_temple
D:2:      layout_loops_cross
D:3:      minmay_spotlight, layout_rooms, eino_curves_04, st_stairs_14
D:4:      layout_loops_cross, nicolae_overflow_hidden_temple,
          serial_bayou_pond_b
D:5:      layout_basic, minmay_temple_entry_grid
D:6:      layout_loops_corners, mainiacjoe_overflow_paths,
          uniq_crazy_yiuf_cottage, uniq_grinder
D:7:      layout_loops_ring, chequers_temple_overflow_statue_of_worship,
          serial_shops, nicolae_shop_crystal, uniq_maggie
D:8:      layout_loops_ring
D:9:      kennysheep_kobold_camp, layout_rooms, minmay_the_grid_2x2
          [minmay_the_grid_minigrid_medium, minmay_the_grid_outer_circle,
          minmay_the_grid_large_cup, minmay_the_grid_prize_shrinking_boxes]
Temple:   eino_narrow_crystal_temple

Skill      XL: |  1  2  3  4  5  6  7  8  9 10 |
---------------+-------------------------------+-----
Unarmed Combat | 5 6 7 8 10 11 | 11.1
Fighting       | 3 4 5 6 |  6.0
Dodging        | 3 |  3.0
Invocations    | 2 4 6 7 |  7.7
Throwing       | 1 3 4 |  4.8
Stealth        | |  1.0
Evocations     | |  0.4

Action                   |  1- 3 |  4- 6 |  7- 9 | 10-12 || total
-------------------------+-------+-------+-------+-------++-------
Melee: Unarmed           |    79 |   128 |   266 |    34 ||   507
       Punch             |       |     5 |    16 |     3 ||    24
Throw: Boomerang         |       |       |     1 |     1 ||     2
Invok: Slouch            |       |       |       |     2 ||     2
  Use: Scroll            |       |     8 |       |       ||     8
       Potion            |       |     1 |       |     5 ||     6
 Stab: Sleeping          |     3 |     2 |    10 |       ||    15
       Distracted        |       |       |       |     1 ||     1
Armor: Robe              |    42 |    37 |    26 |       ||   105
       Steam dragon scal |       |       |    64 |    13 ||    77
Dodge: Dodged            |    59 |    39 |   115 |    21 ||   234
